 Dungeon Crawl Stone Soup version 0.26-b1-32-g5d43845318 (webtiles) character file.

Game seed: 12113527192192289551

47555 Borgoz the Fighter (level 14, -15/129 HPs)
             Began as a Ghoul Gladiator on Jan 13, 2021.
             Was the Champion of Okawaru.
             Demolished by a red ugly thing (21 damage)
             ... on level 15 of the Dungeon.
             The game lasted 00:26:55 (22846 turns).

Borgoz the Fighter (Ghoul Gladiator)               Turns: 22846, Time: 00:26:55

Health: -15/129    AC: 14    Str: 24    XL:     14   Next: 42%
Magic:  0/16       EV: 17    Int:  6    God:    Okawaru [******]
Gold:   1176       SH:  0    Dex: 13    Spells: 7/13 levels left

rFire    . . .     SeeInvis +   b - +0 great mace (vorpal)
rCold    + . .     Faith    .   (shield currently unavailable)
rNeg     + + +     Spirit   +   p - +2 scale mail {Will+}
rPois    ∞         Reflect  .   B - +1 hat {Will+}
rElec    .         Harm     .   D - +2 cloak {Stlth+}
rCorr    .         Rampage  .   x - +1 pair of gloves {archery}
Will     +++..                  (no boots)
Stlth    ..........             c - amulet of guardian spirit
HPRegen  0.00/turn              C - ring of Brawling {+Fly Str+4 Int+3 SInv}
MPRegen  0.15/turn              M - +4 ring of slaying

@: corroded
A: claws 1, cold resistance 1, negative energy resistance 3, inhibited
regeneration, torment resistance, unbreathing
a: Renounce Religion, Evoke Flight, Heroism, Finesse


You were on level 15 of the Dungeon.
You worshipped Okawaru.
Okawaru was exalted by your worship.
You visited 1 branch of the dungeon, and saw 15 of its levels.
You also visited: Ice Cave.

You collected 1240 gold pieces.
You spent 64 gold pieces at shops.

Inventory:

Hand Weapons
 a - a +4 great mace of protection
 b - a +0 vorpal great mace (weapon)
 d - the +10 long sword of Noyt {protect, *Drain rF+ rN+++ Will+}
   (You found it on level 11 of the Dungeon)

   It grants its wielder temporary protection when it strikes (+7 to AC).
   It protects you from fire.
   It renders you almost immune to negative energy.
   It affects your willpower, your defense against some magical effects.
   It causes draining when unequipped.
 l - the +4 trident "Dragon's Bane" {vorpal, rN+ Dex+3}
   (You found it on level 4 of the Dungeon)

   It inflicts extra damage upon your enemies.
   It affects your dexterity (+3).
   It protects you from negative energy.
 q - the +10 falchion "Varpheiwi" {flame, +Fly rPois rF- SInv}
   (You found it on level 4 of the Dungeon)

   It has been specially enchanted to burn those struck by it, causing extra
   injury to most foes and up to half again as much damage against particularly
   susceptible opponents.
   Big, fiery blades are also staple armaments of hydra-hunters.
   It makes you vulnerable to fire.
   It protects you from poison.
   It lets you see invisible.
   It lets you fly.
 H - the +7 war axe "Jeopool" {vorpal, rPois Will++ Str+2}
   (You found it on level 6 of the Dungeon)

   It inflicts extra damage upon your enemies.
   It affects your strength (+2).
   It protects you from poison.
   It affects your willpower, your defense against some magical effects.
Armour
 e - the +0 ice dragon scales of the Scribe {Rampage rPois rF- rC++ Will+}
   (You found it in an ice cave)

   It makes you vulnerable to fire.
   It greatly protects you from cold.
   It protects you from poison.
   It affects your willpower, your defense against some magical effects.
   It bestows one free step when moving towards enemies.
 p - a +2 scale mail of willpower (worn)
 x - a +1 pair of gloves of archery (worn)
 B - a +1 hat of willpower (worn)
 D - a +2 cloak of stealth (worn)
 G - a +2 scale mail of fire resistance
Jewellery
 c - an amulet of guardian spirit (around neck)
 g - a +4 ring of evasion
 r - an uncursed amulet of regeneration
 t - an uncursed amulet of reflection
 C - the ring of Brawling (left hand) {+Fly Str+4 Int+3 SInv}
   (You found it on level 6 of the Dungeon)

   [ring of flight]

   It affects your strength (+4).
   It affects your intelligence (+3).
   It lets you see invisible.
   It lets you fly.
 I - an uncursed ring of resist corrosion
 J - a +6 ring of intelligence
 M - a +4 ring of slaying (right hand)
Wands
 j - a wand of digging (5)
 n - a wand of flame (34)
 w - a wand of paralysis (23)
 y - a wand of acid (25)
 z - a wand of iceblast (13)
 F - a wand of disintegration (8)
Scrolls
 f - 4 scrolls of enchant weapon
 i - 7 scrolls of teleportation
 k - a scroll of fog
 u - a scroll of fear
 v - 2 scrolls of identify
 A - 4 scrolls of remove curse
 L - a scroll of magic mapping
Potions
 h - 2 potions of curing
 m - 2 potions of cancellation
 o - 5 potions of flight
 s - a potion of might
 E - 3 potions of brilliance
 K - a potion of ambrosia


   Skills:
 * Level 13.2 Fighting
 * Level 11.5 Maces & Flails
 - Level 1.7 Throwing
 * Level 11.2 Armour
 * Level 11.5 Dodging
 - Level 5.0 Invocations


You had 7 spell levels left.
You knew the following spells:

 Your Spells              Type           Power        Failure   Level
a - Confusing Touch       Hex            0%           97%         3
b - Vampiric Draining     Necr           0%           97%         3

Your spell library contained the following spells:

 Spells                   Type           Power        Failure   Level
 Animate Skeleton         Necr           0%           71%         1
 Corona                   Hex            0%           71%         1
 Foxfire                  Conj/Fire      0%           71%         1
 Freeze                   Ice            0%           71%         1
 Magic Dart               Conj           0%           71%         1
 Pain                     Necr           0%           71%         1
 Sandblast                Erth           0%           71%         1
 Sting                    Tmut/Pois      0%           71%         1
 Call Imp                 Summ           0%           83%         2
 Passwall                 Tmut/Erth      0%           83%         2
 Poisonous Vapours        Pois/Air       0%           83%         2
 Searing Ray              Conj           0%           83%         2
 Conjure Flame            Conj/Fire      0%           97%         3
 Dazzling Flash           Conj/Hex       0%           97%         3
 Gell's Gravitas          Tloc           0%           97%         3
 Ignite Poison            Fire/Tmut/Pois 0%           97%         3
 Inner Flame              Hex/Fire       0%           97%         3
 Mephitic Cloud           Conj/Pois/Air  0%           97%         3
 Ozocubu's Armour         Ice            0%           97%         3
 Stone Arrow              Conj/Erth      0%           97%         3
 Animate Dead             Necr           0%           100%        4
 Cause Fear               Hex            0%           100%        4
 Fulminant Prism          Conj/Hex       0%           100%        4
 Iskenderun's Mystic Bla  Conj/Tloc      0%           100%        4
 Leda's Liquefaction      Hex/Erth       0%           100%        4
 Olgreb's Toxic Radiance  Pois           0%           100%        4
 Petrify                  Tmut/Erth      0%           100%        4
 Sticky Flame             Conj/Fire      0%           100%        4
 Agony                    Necr           0%           100%        5
 Bolt of Magma            Conj/Fire/Erth 0%           100%        5
 Fireball                 Conj/Fire      0%           100%        5
 Iskenderun's Battlesphe  Conj           0%           100%        5
 Lee's Rapid Deconstruct  Erth           0%           100%        5
 Metabolic Englaciation   Hex/Ice        0%           100%        5
 Silence                  Hex/Air        0%           100%        5
 Summon Mana Viper        Hex/Summ       0%           100%        5
 Yara's Violent Unravell  Hex/Tmut       0%           100%        5
 Iron Shot                Conj/Erth      0%           100%        6
 Orb of Destruction       Conj           0%           100%        7
 Spellforged Servitor     Conj/Summ      0%           100%        7
 Discord                  Hex            0%           100%        8
 Dragon's Call            Summ           0%           100%        9


Dungeon Overview and Level Annotations

Branches:
Dungeon (15/15)            Temple (0/1) D:6            Lair (0/6) D:9
    Orc (0/2) D:9          Vaults (0/5) D:13         Depths (0/5) D:15
  IceCv (visited)

Altars:
Ashenzari
Dithmenos
Elyvilon
Fedhas
Gozag
Hepliaklqana
Makhleb
Nemelex Xobeh
Okawaru
Qazlal
Trog
Wu Jian
Xom
Yredelemnul

Shops:
D:8 =   D:13 [   D:14 ?

Annotations:
D:12 3 runed translucent doors, denisd0's ghost, journeyman OpTm


Innate Abilities, Weirdness & Mutations

You thrive by killing the living.
You are immune to poison.
You have sharp fingernails.
Your flesh is cold resistant. (rC+)
You are immune to negative energy. (rN+++)
You do not regenerate when monsters are visible.
You are immune to unholy pain and torment.
You can survive without breathing.


Message History

* * * LOW HITPOINT WARNING * * *
The vampire mosquito completely misses you.
The red ugly thing headbutts you but does no damage.
The vampire mosquito bites you but does no damage.
The deep elf mage casts a spell at you. The sticky flame misses you.
The sticky flame misses the red ugly thing.
The vampire mosquito misses you.
You hit the deep elf mage but do no damage.
The deep elf mage is heavily wounded.
The vampire mosquito bites you but does no damage. x2
The vampire mosquito barely misses you. The brown ugly thing kicks you.
* * * LOW HITPOINT WARNING * * *
You are splashed with acid!
* * * LOW HITPOINT WARNING * * *
The vampire mosquito bites you but does no damage.
The red ugly thing headbutts you.
* * * LOW HITPOINT WARNING * * *
You are engulfed in flames!!
You die...

.............###...####'####.....
.............###...#≈≈...≈≈#..<..
.............#.....#≈..#..≈#.....
.u..[....(.........#(#.#.#.#.....
.u..[[.............#(≈.≈.≈.#.....
##!................#(≈...≈.#....#
#...u..............#.≈...≈.#...##
#..<...........e...#.##'##.#..##
##.............u@y.#(#...#.####
##.............yyu.#.#.>.#.#
.#.................#('[..')#
.##................#########
....................
.................)#..
..................##..
...........!....... ...
...........


You could see 2 ugly things, a deep elf mage and 3 vampire mosquitoes.

Vanquished Creatures
  Gastronok (D:8)
  Azrael (D:14)
  Josephine (D:14)
  A yaktaur captain (D:15)
  A boulder beetle (D:15)
  Erica (D:10)
  6 two-headed ogres
  A vault guard (D:13)
  5 centaur warriors
  2 unseen horrors (D:13)
  3 wizards (D:13)
  A necromancer (D:13)
  Pikel (D:5)
  A deep elf mage (D:14)
  14 ugly things
  2 cyclopes
  A manticore (D:12)
  3 ice statues (IceCv)
  Maggie (D:8)
  3 komodo dragons
  2 yaktaurs
  2 trolls (D:12)
  A hornet (D:7)
  4 slime creatures (D:13)
  2 shadows
  19 yaks
  2 wyverns
  7 wraiths
  Grum (D:8)
  A fire elemental (D:14)
  2 basilisks
  15 humans (D:13)
  7 vampire mosquitoes
  A steam dragon (D:15)
  A soldier ant (D:11)
  3 acid dragons
  4 water moccasins
  3 hell hounds (D:14)
  7 orc warriors
  3 phantoms
  4 necrophages
  3 sky beasts
  13 ice beasts
  4 black bears
  8 boggarts
  An eye of draining (D:12)
  7 wolves
  5 ogres
  15 centaurs
  5 big kobolds
  10 bullfrogs
  A water moccasin zombie (D:8)
  6 scorpions
  A wyvern skeleton (D:9)
  10 killer bees
  25 wights
  8 howler monkeys
  2 electric eels (D:12)
  2 quasits
  A bullfrog zombie (D:9)
  2 centaur zombies
  5 hounds
  3 jellies
  Crazy Yiuf (D:6)
  4 orc wizards
  2 bullfrog skeletons (D:13)
  3 orc priests
  3 centaur skeletons
  An iguana (D:7)
  8 worker ants
  A centaur simulacrum (D:12)
  2 bullfrog simulacra (D:12)
  A hound zombie (D:7)
  2 hound skeletons
  7 gnolls
  13 adders
  A howler monkey skeleton (D:4)
  2 shadow imps
  3 white imps (D:12)
  7 ufetubi
  7 oozes
  2 adder skeletons
  An adder zombie (D:6)
  4 worms
  10 dart slugs
  8 leopard geckos
  29 orcs
  15 bats
  4 giant cockroaches
  9 goblins
  10 hobgoblins
  12 jackals
  37 kobolds
  5 quokkas
  2 ball pythons
  7 frilled lizards
  A leopard gecko zombie (D:5)
  A quokka skeleton (D:4)
  11 rats
514 creatures vanquished.

Vanquished Creatures (others)
  A wizard (D:13)
  A boggart (D:14)
  2 white imps (D:12)
  12 fungi (D:9)
  17 plants
33 creatures vanquished.

Grand Total: 547 creatures vanquished

Notes
Turn   | Place    | Note
-------+----------+-------------------------------------------
     0 | D:1      | Borgoz the Ghoul Gladiator began the quest for the Orb.
     0 | D:1      | Reached XP level 1. HP: 17/17 MP: 0/0
   132 | D:1      | Reached XP level 2. HP: 25/25 MP: 1/1
   291 | D:1      | Reached XP level 3. HP: 30/30 MP: 2/2
   331 | D:1      | Reached skill level 1 in Armour
   879 | D:1      | Reached XP level 4. HP: 24/37 MP: 3/3
   997 | D:2      | Reached skill level 3 in Fighting
  1770 | D:2      | Reached XP level 5. HP: 45/45 MP: 4/4
  2090 | D:3      | Found a blossoming altar of Fedhas.
  2657 | D:3      | Found an opulent altar of Gozag.
  3116 | D:4      | Found a sparkling altar of Nemelex Xobeh.
  3127 | D:4      | Reached XP level 6. HP: 52/52 MP: 5/5
  3199 | D:4      | Got an encrusted trident
  3242 | D:4      | Got a crystal falchion
  3585 | D:4      | Reached skill level 4 in Fighting
  3772 | D:4      | Found a burning altar of Makhleb.
  4031 | D:4      | Found a sparkling altar of Nemelex Xobeh.
  4050 | D:5      | Entered Level 5 of the Dungeon
  4484 | D:5      | Reached XP level 7. HP: 60/60 MP: 4/6
  4502 | D:5      | Noticed Pikel
  4530 | D:5      | Killed Pikel
  4531 | D:5      | Reached skill level 5 in Fighting
  4531 | D:5      | Reached XP level 8. HP: 30/68 MP: 3/7
  4861 | D:5      | Reached skill level 5 in Maces & Flails
  4861 | D:5      | Reached skill level 5 in Dodging
  5174 | D:5      | Found a bloodstained altar of Trog.
  5177 | D:5      | Identified a scroll of acquirement
  5177 | D:5      | Acquired a +2 great mace of protection
  5202 | D:5      | Found a shimmering altar of Xom.
  5206 | D:5      | Found a hazy altar of Hepliaklqana.
  5563 | D:6      | Got a jewelled war axe
  5564 | D:6      | Identified the +7 war axe "Jeopool" {vorpal, rPois Will++
                  | Str+2} (You found it on level 6 of the Dungeon)
  5584 | D:6      | Found a stormy altar of Qazlal.
  5755 | D:6      | Found a shadowy altar of Dithmenos.
  5898 | D:6      | Reached skill level 6 in Fighting
  5975 | D:6      | Found a white marble altar of Elyvilon.
  6029 | D:6      | Found a staircase to the Ecumenical Temple.
  6038 | D:6      | You fall into a shaft and drop 1 floor!
  6062 | D:7      | Reached XP level 9. HP: 57/77 MP: 5/8
  6075 | D:7      | Reached skill level 5 in Armour
  6471 | D:7      | Noticed a hornet
  6483 | D:7      | Killed a hornet
  6484 | D:7      | Reached skill level 7 in Fighting
  7154 | D:6      | Found a runed translucent door.
  7155 | D:6      | Noticed Crazy Yiuf
  7272 | D:6      | Got a slimy steel ring
  7405 | D:6      | Killed Crazy Yiuf
  7416 | D:6      | Identified the ring of Brawling {+Fly Str+4 Int+3 SInv}
                  | (You found it on level 6 of the Dungeon)
  7421 | D:6      | Identified the +10 falchion "Varpheiwi" {flame, +Fly rPois
                  | rF- SInv} (You found it on level 4 of the Dungeon)
  7422 | D:6      | Identified the +4 trident "Dragon's Bane" {vorpal, rN+
                  | Dex+3} (You found it on level 4 of the Dungeon)
  7738 | D:8      | Noticed Maggie
  7750 | D:8      | Killed Maggie
  7751 | D:8      | Reached XP level 10. HP: 88/88 MP: 9/9
  7795 | D:8      | Noticed Grum
  7806 | D:8      | Reached skill level 8 in Fighting
  7818 | D:8      | Killed Grum
  7970 | D:8      | Found Raxkiomuji's Jewellery Shoppe.
  8001 | D:8      | Found an ornate altar of the Wu Jian Council.
  8088 | D:8      | Noticed Gastronok
  8449 | D:8      | Killed Gastronok
  8809 | D:8      | Found an iron altar of Okawaru.
  8846 | D:8      | Became a worshipper of Warmaster Okawaru
  8933 | D:9      | Found a staircase to the Orcish Mines.
  8951 | D:9      | Reached skill level 9 in Fighting
  9131 | D:9      | Found a staircase to the Lair.
  9138 | D:9      | Reached skill level 1 in Invocations
  9147 | D:9      | Reached XP level 11. HP: 83/97 MP: 10/10
  9216 | D:9      | Reached * piety under Okawaru
  9662 | D:9      | Noticed a two-headed ogre
  9676 | D:9      | HP: 1/97 [two-headed ogre/+0 giant spiked club (14)]
  9677 | D:9      | Killed a two-headed ogre
 10354 | D:9      | Found a broken altar of Ashenzari.
 10717 | D:10     | Entered Level 10 of the Dungeon
 11034 | D:10     | Noticed a two-headed ogre
 11041 | D:10     | Killed a two-headed ogre
 11041 | D:10     | Reached ** piety under Okawaru
 11241 | D:10     | Noticed Erica
 11262 | D:10     | Killed Erica
 11263 | D:10     | Reached skill level 10 in Fighting
 11281 | D:10     | Reached *** piety under Okawaru
 11503 | D:10     | Noticed a two-headed ogre
 11517 | D:10     | Killed a two-headed ogre
 12365 | D:11     | Got a slimy long sword
 12366 | D:11     | Identified the +10 long sword of Noyt {protect, *Drain rF+
                  | rN+++ Will+} (You found it on level 11 of the Dungeon)
 12376 | D:11     | Noticed a purple ugly thing
 12383 | D:11     | Killed a purple ugly thing
 12429 | D:11     | Reached **** piety under Okawaru
 12430 | D:11     | Reached XP level 12. HP: 78/94 MP: 13/13
 12499 | D:11     | Found a shimmering altar of Xom.
 12502 | D:11     | Found a shimmering altar of Xom.
 12502 | D:11     | Found a shimmering altar of Xom.
 12504 | D:11     | Found a shimmering altar of Xom.
 12511 | D:11     | Found a shimmering altar of Xom.
 12898 | D:11     | Found a shimmering altar of Xom.
 12899 | D:11     | Found a shimmering altar of Xom.
 13531 | D:12     | Found a runed translucent gate.
 13532 | D:12     | Found a runed translucent gate.
 13533 | D:12     | Found a runed translucent gate.
 13536 | D:12     | Noticed a centaur warrior
 13537 | D:12     | Noticed a minotaur
 13537 | D:12     | Noticed a tengu warrior
 13543 | D:12     | Noticed denisd0's ghost (journeyman OpTm)
 13713 | D:12     | Noticed a two-headed ogre
 13719 | D:12     | Killed a two-headed ogre
 13838 | D:12     | Reached ***** piety under Okawaru
 13884 | D:12     | Reached skill level 11 in Fighting
 14778 | D:12     | Noticed a two-headed ogre
 14786 | D:12     | Killed a two-headed ogre
 14787 | D:12     | Reached skill level 5 in Invocations
 14932 | D:12     | Received a gift from Okawaru
 15401 | D:13     | Reached skill level 10 in Maces & Flails
 15478 | D:13     | Reached skill level 10 in Dodging
 15533 | D:13     | Noticed a centaur warrior
 15542 | D:13     | Killed a centaur warrior
 15543 | D:13     | Reached XP level 13. HP: 73/116 MP: 10/15
 15787 | D:13     | Found Ongiegg's Antique Armour Emporium.
 15915 | D:13     | Received a gift from Okawaru
 16225 | D:13     | Reached skill level 10 in Armour
 16251 | D:13     | Reached skill level 12 in Fighting
 17017 | D:13     | Found a gate to the Vaults.
 17017 | D:13     | Noticed a vault guard
 17042 | D:13     | Killed a vault guard
 17043 | D:13     | Reached ****** piety under Okawaru
 17451 | D:13     | Identified Coemitt's Catalogue of the Mountains and
                  | Companions
 17484 | D:13     | Received a gift from Okawaru
 17612 | D:13     | Learned a level 3 spell: Confusing Touch
 17616 | D:13     | Learned a level 3 spell: Vampiric Draining
 17835 | D:14     | Noticed Azrael
 17845 | D:14     | Killed Azrael
 17919 | D:14     | Found a frozen archway.
 17928 | IceCv    | Entered an ice cave
 19173 | IceCv    | Got polished ice dragon scales
 19268 | D:14     | Reached XP level 14. HP: 127/127 MP: 16/16
 19309 | D:14     | Found Viakecw's Magic Scroll Boutique.
 19317 | D:14     | Bought a scroll of identify for 32 gold pieces
 19317 | D:14     | Bought a scroll of identify for 32 gold pieces
 19469 | D:14     | Identified the cursed +0 ice dragon scales of the Scribe
                  | {Rampage rPois rF- rC++ Will+} (You found it in an ice
                  | cave)
 19488 | D:14     | Noticed Josephine
 19494 | D:14     | Killed Josephine
 19563 | D:14     | Found a basalt altar of Yredelemnul.
 20078 | D:14     | Identified Sif Muna's Volume of Icy Curses
 20734 | D:15     | Entered Level 15 of the Dungeon
 20869 | D:15     | Reached skill level 13 in Fighting
 20980 | D:15     | HP: 2/129 [cyan ugly thing (11)]
 22617 | D:15     | Found a staircase to the Depths.
 22624 | D:15     | Received a gift from Okawaru
 22846 | D:15     | HP: 6/129 [red ugly thing (4)]
 22846 | D:15     | Demolished by a red ugly thing

Illustrated notes

Levels and vault maps discovered:
D:1:      saegor_arrival_simple_c, layout_loops_ring
D:2:      layout_loops_ring
D:3:      layout_loops_ring, fedhas_ov_isle_minmay, marbit_many_paths,
          st_stairs_10
D:4:      kennysheep_slugbush, layout_layer_cave, kennysheep_mini_moat,
          lemuel_round_altar, nemelex_dance_club_becter
D:5:      layout_loops_corners, minmay_overflow_temple_star_quad,
          small_statue_alley_b, uniq_pikel
D:6:      layout_loops_ring, old_standard_altar, elyvilon_altar_1,
          lemuel_round_altar, minmay_temple_entry_drinking_statues,
          hangedman_abyss_or_decor_stabs, uniq_crazy_yiuf_cottage
D:7:      layout_rooms, corexii_corridor_pit
D:8:      layout_basic, nicolae_overflow_crystal_walls,
          nzn_wu_jian_contemplation, serial_shops, shop, uniq_grum, uniq_maggie,
          uniq_gastronok
D:9:      layout_basic, cheibrodos_ashenzari_chains,
          due_lair_maze_entry_diamond, orc_0_dummy
D:10:     layout_long_grid, uniq_erica
D:11:     layout_gridville, nicolae_xom_altar_mimics
D:12:     layout_basic, maelrawn_ghost_gauntlet_escape, serial_ice,
          serial_ice_a, serial_ice_h, serial_ice_i, serial_ice_m, serial_ice_n,
          serial_ice_g, serial_ice_o, serial_ice_b
D:13:     layout_gridville, grunt_vaults_entry_tiered, serial_shops, shop
D:14:     layout_cave_pods, serial_shops,
          nicolae_shop_temple_entry_statues_fountains,
          hangedman_abyss_or_decor_lesser_grid, portal_ice_cave_entry_pillars_2,
          serial_column_ruins, column_ruins_hut_water, column_ruins_temple_hall,
          column_ruins_grid_1, column_ruins_open_small_water,
          column_ruins_open_small, column_ruins_open_small, uniq_josephine,
          uniq_azrael
D:15:     grunt_enter_depths_snipers, layout_cave_pools

Skill      XL: |  1  2  3  4  5  6  7  8  9 10 11 12 13 14 |
---------------+-------------------------------------------+-----
Maces & Flails | 3 4 5 6 8 9 10 11 | 11.5
Dodging        | 3 4 5 6 8 9 10 11 | 11.5
Armour         | 1 2 3 4 6 7 8 9 10 11 | 11.2
Fighting       | 3 4 5 6 7 9 10 11 12 13 | 13.2
Invocations    | 1 3 5 |  5.0
Throwing       | |  1.7

Action                   |  1- 3 |  4- 6 |  7- 9 | 10-12 | 13-15 || total
-------------------------+-------+-------+-------+-------+-------++-------
Melee: Flail             |    87 |   368 |    80 |       |       ||   535
       Great mace        |       |       |   219 |   785 |   625 ||  1629
Throw: Throwing net      |       |       |     1 |     2 |       ||     3
  Use: Scroll            |       |    10 |     4 |     7 |     8 ||    29
       Potion            |       |       |     1 |       |     7 ||     8
 Stab: Held in net/web   |       |       |     1 |     5 |       ||     6
       Distracted        |       |       |     1 |       |       ||     1
       Invisible         |       |       |       |       |     1 ||     1
Armor: Leather armour    |    12 |    26 |       |       |       ||    38
       Scale mail        |       |    99 |   123 |   634 |   376 ||  1232
       Ice dragon scales |       |       |       |       |    24 ||    24
Dodge: Dodged            |    79 |   322 |   321 |  1306 |  1094 ||  3122
Block: Buckler           |       |    75 |    21 |       |       ||    96
